 Dungeon Crawl Stone Soup version 0.27.1-1-g398f81649c (webtiles) character file.

Game seed: 1877424057541590784

534 bnorton916 the Conjurer (level 7, -3/36 HPs)
             Began as a Deep Elf Conjurer on Sept 5, 2021.
             Slain by an iguana (13 damage)
             ... on level 5 of the Dungeon.
             The game lasted 00:03:36 (3809 turns).

bnorton916 the Conjurer (Deep Elf Conjurer)         Turns: 3809, Time: 00:03:37

Health: -3/36      AC:  2    Str:  5    XL:     7   Next: 4%
Magic:  12/17      EV: 12    Int: 24    God:
Gold:   197        SH:  0    Dex: 13    Spells: 2/16 levels left

rFire    . . .     SeeInvis .   (no weapon)
rCold    . . .     Faith    .   (no shield)
rNeg     . . .     Spirit   .   a - +0 robe
rPois    .         Reflect  .   (no helmet)
rElec    .         Harm     .   (no cloak)
rCorr    .         Rampage  .   (no gloves)
Will     .....                  (no boots)
Stlth    ++........             o - amulet of magic regeneration
HPRegen  0.12/turn              (no ring)
MPRegen  0.40/turn              (no ring)

@: no status effects
A: no striking features
a: no special abilities


You were on level 5 of the Dungeon.
You visited 1 branch of the dungeon, and saw 5 of its levels.

You collected 197 gold pieces.

Inventory:

Armour
 a - a +0 robe (worn)
Jewellery
 o - an amulet of magic regeneration (around neck)
Wands
 l - a wand of flame (21)
 r - a wand of acid (10)
Scrolls
 b - 6 scrolls of identify {unknown}
 g - a scroll of immolation {unknown}
 h - a scroll of noise {unknown}
 j - 2 scrolls of amnesia {unknown}
 k - 2 scrolls of teleportation {unknown}
 p - a scroll of holy word {unknown}
 q - a scroll of magic mapping {unknown}
 s - 2 scrolls of fog {unknown}
Potions
 c - a potion of flight {unknown}
 d - a potion of invisibility {unknown}
 e - 2 potions of curing {unknown}
 f - a potion of brilliance {unknown}
 i - a potion of berserk rage {unknown}
 m - a potion of lignification {unknown}
 n - a potion of might {unknown}


   Skills:
 - Level 2.4 Dodging
 - Level 2.4 Stealth
 - Level 5.4 Spellcasting
 - Level 5.8 Conjurations
 + Level 4.0 Hexes
 + Level 3.1 Translocations
 + Level 3.2 Ice Magic


You had 2 spell levels left.
You knew the following spells:

 Your Spells              Type           Power      Damage    Failure   Level
a - Magic Dart            Conj           100%       1d8       1%          1
b - Searing Ray           Conj           68%        3d5       1%          2
c - Fulminant Prism       Conj/Hex       15%        3d11      11%         4
d - Iskenderun's Mystic   Conj/Tloc      28%        2d7       13%         4
e - Frozen Ramparts       Ice            44%        1d6       7%          3

Your spell library contained the following spells:

 Spells                   Type           Power      Damage    Failure   Level
 Freeze                   Ice            88%        1d10      2%          1
 Slow                     Hex            25%        N/A       2%          2
 Beastly Appendage        Tmut           12%        N/A       9%          1
 Wereblood                Tmut           6%         N/A       13%         2
 Dazzling Flash           Conj/Hex       60%        N/A       3%          3
 Confusing Touch          Hex            25%        N/A       4%          3
 Hailstorm                Conj/Ice       28%        3d8       13%         4
 Spider Form              Tmut/Pois      3%         N/A       26%         3
 Vampiric Draining        Necr           3%         2d6       26%         3


Dungeon Overview and Level Annotations

Branches:
Dungeon (5/15)
 Temple: D:4-7

Altars:
Dithmenos
Gozag
Hepliaklqana
Makhleb
Vehumet


Message History

The jelly hits you.
You are splashed with acid.
The searing ray hits the jelly.
The jelly is severely wounded.
The searing ray hits the centaur!
You kill the centaur!
The jelly hits you.
You are splashed with acid!
Your Translocations skill increases to level 3!
Your Ice Magic skill increases to level 3!
The searing ray hits the jelly!
You kill the jelly!
Your Hexes skill increases to level 4!
You have reached level 7!
Things that are here:
a +0 shortbow; 21 arrows An iguana comes into view.
Casting: Searing Ray (safe; 1% risk of failure)
Confirm with . or Enter, or press ? or * to list all spells.
Aiming: Searing Ray (safe; 1% risk of failure)
Press: ? - help, Shift-Dir - straight line, f - iguana
Aim: an iguana (wandering, hasn't noticed you, 83% to hit)
The searing ray hits the iguana.
The iguana is moderately wounded.
The iguana hisses angrily. (Press . to maintain the ray.)
The searing ray hits the iguana.
The iguana is heavily wounded.
The searing ray hits the iguana.
The iguana is almost dead.
The iguana bites you!
* * * LOW HITPOINT WARNING * * *
Unknown command.
Casting: Searing Ray (safe; 1% risk of failure)
Confirm with . or Enter, or press ? or * to list all spells.
Restarting spell: Searing Ray (safe; 1% risk of failure)
Press: ? - help, Shift-Dir - straight line, f/p - iguana
Aim: an iguana (almost dead, 83% to hit)
The searing ray misses the iguana. (Press . to maintain the ray.)
The iguana bites you!
You die...

#........##......# #.#
##.....[......##.# #.#
##.##...........# #.#
#.# #####...#######.#
... #...)....>...#
#....#######.# ...
.....# #.#
.....######....######.#
.........@l.........#.#
#.#..##.####...####.#.#
#....##.####...# #.#.#
...............####.#.#
#....###...........#
#.......#.#.##..#.#
#.#.=###<..#.##..#.#
#..# #####.##..#.# #..#
...#..#.#


You could see an iguana.

Vanquished Creatures
  2 ogres (D:5)
  A centaur (D:5)
  A phantom (D:5)
  A jelly (D:5)
  An orc priest (D:3)
  Terence (D:3)
  An orc wizard (D:3)
  A hound skeleton (D:4)
  2 adders
  An adder skeleton (D:4)
  2 worms (D:3)
  2 dart slugs
  3 orcs (D:3)
  5 ball pythons
  9 bats
  4 endoplasms
  2 giant cockroaches
  3 hobgoblins
  3 jackals (D:3)
  4 kobolds
  4 quokkas
  A frilled lizard (D:2)
  5 goblins
  4 rats
63 creatures vanquished.

Notes
Turn   | Place    | Note
-------+----------+-------------------------------------------
     0 | D:1      | bnorton916 the Deep Elf Conjurer began the quest for the
                  | Orb.
     0 | D:1      | Reached XP level 1. HP: 10/10 MP: 6/6
   206 | D:1      | Reached XP level 2. HP: 15/15 MP: 5/8
   388 | D:1      | Found a faded altar of an unknown god.
  1059 | D:2      | Learned a level 2 spell: Searing Ray
  1721 | D:3      | Noticed Terence
  1731 | D:3      | Killed Terence
  1732 | D:3      | Reached skill level 5 in Conjurations
  1732 | D:3      | Reached XP level 3. HP: 19/19 MP: 1/10
  1901 | D:3      | Reached skill level 5 in Spellcasting
  1901 | D:3      | Reached XP level 4. HP: 17/24 MP: 5/13
  2765 | D:3      | Reached XP level 5. HP: 28/28 MP: 10/14
  2772 | D:3      | Learned a level 4 spell: Fulminant Prism
  2777 | D:3      | Learned a level 4 spell: Iskenderun's Mystic Blast
  2781 | D:3      | Learned a level 3 spell: Frozen Ramparts
  3108 | D:4      | Found a radiant altar of Vehumet.
  3108 | D:4      | Found an opulent altar of Gozag.
  3110 | D:4      | Found a hazy altar of Hepliaklqana.
  3136 | D:4      | Reached skill level 1 in Hexes
  3474 | D:4      | Found a burning altar of Makhleb.
  3549 | D:4      | Reached skill level 1 in Ice Magic
  3600 | D:4      | Found a shadowy altar of Dithmenos.
  3638 | D:5      | Entered Level 5 of the Dungeon
  3639 | D:5      | Noticed a phantom
  3644 | D:5      | Killed a phantom
  3645 | D:5      | Reached skill level 1 in Translocations
  3681 | D:5      | Noticed an ogre
  3692 | D:5      | Killed an ogre
  3693 | D:5      | Reached XP level 6. HP: 32/32 MP: 11/16
  3786 | D:5      | Reached XP level 7. HP: 17/36 MP: 13/17
  3809 | D:5      | Slain by an iguana

Illustrated notes

Levels and vault maps discovered:
D:1:      dpeg_arrival_rhombi, layout_rooms, chequers_ecumenical_altar_simple,
          minmay_misc_feat_ornament, minmay_misc_feat_encased
D:2:      layout_loops_ring, nrook_loot_triangle, minivault_5,
          minmay_misc_feat_four_crosses
D:3:      layout_basic, minmay_misc_feat_room, uniq_terence
D:4:      layout_cave_pools, lightli_temple_of_fire,
          nicolae_overflow_hidden_temple, minmay_bisected
D:5:      layout_loops_ring, hangedman_minor_gate_pass

Skill      XL: |  1  2  3  4  5  6 |
---------------+-------------------+-----
Spellcasting   | 4 5 |  5.4
Conjurations   | 5 |  5.8
Hexes          | 2 4 |  4.0
Ice Magic      | 2 3 |  3.2
Translocations | 2 3 |  3.1
Dodging        | |  2.4
Stealth        | |  2.4

Action                   |  1- 3 |  4- 6 |  7- 9 || total
-------------------------+-------+-------+-------++-------
 Cast: Magic Dart        |    47 |    53 |       ||   100
       Searing Ray       |     2 |     7 |     2 ||    11
Armor: Robe              |     1 |     2 |       ||     3
Dodge: Dodged            |     4 |     3 |       ||     7
